 Dungeon Crawl Stone Soup version 0.29.0-4-gdea44cf6ec (webtiles) character file.

Game seed: 7869129736684438288

576 qw the Chopper (level 7, -1/58 HPs)
             Began as a Ghoul Summoner on Sept 9, 2022.
             Was a Follower of Okawaru.
             Slain by a black bear (4 damage)
             ... on level 6 of the Dungeon.
             The game lasted 00:02:23 (6957 turns).

qw the Chopper (Ghoul Summoner)                     Turns: 6957, Time: 00:02:24

Health: -1/58      AC: 16    Str: 14    XL:     7   Next: 35%
Magic:  6/8        EV:  5    Int: 10    God:    Okawaru [*.....]
Gold:   31         SH:  0    Dex:  9    Spells: 8/9 levels left

rFire   . . .      SeeInvis .   h - +0 war axe
rCold   + . .      Faith    .   (no shield)
rNeg    + + +      Spirit   .   n - +1 plate armour
rPois   inf        Reflect  .   (no helmet)
rElec   .          Harm     .   (no cloak)
rCorr   .          Rampage  .   d - +1 pair of gloves
Will    +....                   (no boots)
Stlth   ..........              (no amulet)
HPRegen 0.00/turn               j - ring of willpower
MPRegen 0.11/turn               (no ring)

@: heroic, inhibited regen
A: claws 1, cold resistance 1, negative energy resistance 3, inhibited
regeneration, torment resistance 2, devour on kill
a: Renounce Religion, Heroism


You were on level 6 of the Dungeon.
You worshipped Okawaru.
Okawaru was aware of your devotion.
You visited 2 branches of the dungeon, and saw 7 of its levels.

You collected 257 gold pieces.
You spent 226 gold pieces at shops.


Innate Abilities, Weirdness & Mutations

You are immune to poison.
You have sharp fingernails.
Your flesh is cold resistant. (rC+)
You are immune to negative energy. (rN+++)
You do not regenerate when monsters are visible.
You are immune to unholy pain and torment.
You thrive by killing the living.


   Skills:
 + Level 3.8(8.8) Fighting
 - Level 5.0(10.0) Axes
 - Level 1.1(6.1) Throwing
 - Level 2.1(7.1) Armour
 - Level 1.7(6.7) Dodging
 - Level 2.1(7.1) Stealth
 - Level 1.7 Spellcasting
 - Level 3.6 Summonings
 + Level 1.2 Invocations


You had 8 spell levels left.
You knew the following spells:

 Your Spells              Type           Power      Damage    Failure   Level
a - Summon Small Mammal   Summ           32%        N/A       99%         1

Your spell library contained the following spells:

 Spells                   Type           Power      Damage    Failure   Level
 Call Imp                 Summ           Unusable   N/A       N/A         2
 Call Canine Familiar     Summ           Unusable   N/A       N/A         3
 Summon Guardian Golem    Hex/Summ       Unusable   N/A       N/A         3
 Summon Lightning Spire   Summ/Air       Unusable   N/A       N/A         4

Inventory:

Hand Weapons
 c - a +2 flail
 h - a +0 war axe (weapon)
Armour
 d - a +1 pair of gloves (worn)
 n - a +1 plate armour (worn)
Jewellery
 j - a ring of willpower (left hand)
Wands
 o - a wand of digging (1)
Scrolls
 a - a scroll of identify
Potions
 b - 3 potions of curing
 e - a potion of resistance
 g - a potion of magic
 i - a potion of mutation

Dungeon Overview and Level Annotations

Branches:
Dungeon (6/15)             Temple (1/1) D:4

Altars:
Ashenzari
Cheibriados
Dithmenos
Fedhas
Gozag
Hepliaklqana
Kikubaaqudgha
Makhleb
Nemelex Xobeh
Okawaru
Ru
Trog
Uskayaw
Vehumet

Shops:
D:3 [   D:4 (   D:6 *=


Message History

The black bear is severely wounded.
The black bear barely misses you.
The black bear claws you but does no damage. x2
The black bear bites you.
The black bear claws you but does no damage. x2
You closely miss the black bear.
The black bear is severely wounded.
The black bear barely misses you. The black bear claws you. x2
You hit the black bear.
The black bear is almost dead.
The black bear barely misses you.
The black bear claws you but does no damage. x2
The black bear bites you but does no damage.
The black bear claws you but does no damage. x2
You closely miss the black bear.
The black bear is almost dead.
The black bear bites you but does no damage.
The black bear claws you but does no damage. x2
You completely miss the black bear.
The black bear is almost dead.
The black bear bites you but does no damage.
The black bear claws you. x2
The black bear bites you but does no damage.
The black bear claws you but does no damage.
The black bear barely misses you.
You closely miss the black bear.
The black bear is almost dead.
The black bear bites you but does no damage.
The black bear barely misses you.
The black bear claws you but does no damage.
You closely miss the black bear.
The black bear is almost dead.
The black bear bites you. The black bear barely misses you.
The black bear claws you but does no damage.
The black bear barely misses you.
The black bear claws you but does no damage. x2
You hit the black bear.
The black bear is almost dead.
The black bear bites you.
You die...

...#.......#####.##.#
...........)....# #.#
......#..####.#.# #.#
......#.......#.# #.#
..###.###.####..###.###
## #.# #.>...........#
#. ###########.#.#
#.........#.#.#
.#(..@.......#
#..h#####...# #... ...#
#... ..# ###. .... ..
### #. #.


You could see a black bear (berserk).

Vanquished Creatures
  An ogre (D:5)
  A scorpion (D:4)
  2 jellies (D:6)
  A centaur zombie (D:6)
  A hound (D:5)
  Jessica (D:3)
  An orc wizard (D:5)
  An iguana (D:5)
  8 adders
  2 river rats (D:5)
  A white imp (D:5)
  A worm (D:3)
  4 dart slugs
  19 orcs
  4 ball pythons
  An endoplasm (D:2)
  A giant cockroach (D:2)
  2 goblins
  2 hobgoblins (D:1)
  2 jackals (D:1)
  3 quokkas
  5 bats
  A frilled lizard (D:2)
  3 kobolds (D:4)
  4 rats
72 creatures vanquished.

Vanquished Creatures (collateral kills)
  2 adders
  3 ball pythons
  3 endoplasms
  2 goblins (D:1)
  A hobgoblin (D:1)
  A jackal (D:1)
  3 bats
  2 frilled lizards
  3 rats
20 creatures vanquished.

Vanquished Creatures (others)
  11 plants
11 creatures vanquished.

Grand Total: 103 creatures vanquished

Notes
Turn   | Place    | Note
-------+----------+-------------------------------------------
     0 | D:1      | qw the Ghoul Summoner began the quest for the Orb.
     0 | D:1      | Reached XP level 1. HP: 14/14 MP: 2/2
     0 | D:1      | 0 ||| qw: Version: 0.1-a-113-g051387a
     0 | D:1      | 0 ||| qw: Game counter: 7267
     0 | D:1      | 0 ||| qw: Always use a shield: true
     0 | D:1      | 0 ||| qw: God list: Okawaru
     0 | D:1      | 0 ||| qw: Allow faded altars: false
     0 | D:1      | 0 ||| qw: Do Orc after D:15 true
     0 | D:1      | 0 ||| qw: Do second Lair branch before Depths: true
     0 | D:1      | 0 ||| qw: Lair rune preference: random
     0 | D:1      | 0 ||| qw: Plans: Normal
     0 | D:1      | 0 ||| PLANNING D:1-11
    13 | D:1      | 13 ||| Wielding weapon +0 club.
    26 | D:1      | 26 ||| CASTING Summon Small Mammal
    27 | D:1      | 27 ||| CASTING Summon Small Mammal
    39 | D:1      | 39 ||| CASTING Summon Small Mammal
    70 | D:1      | Found a faded altar of an unknown god.
    73 | D:1      | 73 ||| SWAPPING to +0 spear.
    74 | D:1      | 74 ||| DROPPING +0 club.
    94 | D:1      | 94 ||| CASTING Summon Small Mammal
    95 | D:1      | 95 ||| CASTING Summon Small Mammal
   106 | D:1      | 106 ||| CASTING Summon Small Mammal
   177 | D:1      | 177 ||| CASTING Summon Small Mammal
   178 | D:1      | 178 ||| CASTING Summon Small Mammal
   188 | D:1      | Reached skill level 1 in Axes
   189 | D:1      | 189 ||| CASTING Summon Small Mammal
   193 | D:1      | Reached XP level 2. HP: 14/22 MP: 0/3
   195 | D:1      | Reached skill level 1 in Fighting
   204 | D:1      | 204 ||| CASTING Summon Small Mammal
   214 | D:1      | 214 ||| CASTING Summon Small Mammal
   339 | D:1      | 339 ||| CASTING Summon Small Mammal
   340 | D:1      | 340 ||| CASTING Summon Small Mammal
   341 | D:1      | 341 ||| CASTING Summon Small Mammal
   504 | D:1      | 504 ||| CASTING Summon Small Mammal
   505 | D:1      | 505 ||| CASTING Summon Small Mammal
   506 | D:1      | 506 ||| CASTING Summon Small Mammal
   548 | D:1      | 548 ||| SWAPPING to +4 spear.
   549 | D:1      | 549 ||| DROPPING +0 spear.
   582 | D:1      | 582 ||| CASTING Summon Small Mammal
   583 | D:1      | 583 ||| CASTING Summon Small Mammal
   584 | D:1      | 584 ||| CASTING Summon Small Mammal
   594 | D:1      | 594 ||| CASTING Summon Small Mammal
   667 | D:1      | 667 ||| CASTING Summon Small Mammal
   668 | D:1      | 668 ||| CASTING Summon Small Mammal
   669 | D:1      | 669 ||| CASTING Summon Small Mammal
   708 | D:1      | 708 ||| CASTING Summon Small Mammal
   710 | D:1      | 710 ||| CASTING Summon Small Mammal
   711 | D:1      | 711 ||| CASTING Summon Small Mammal
   853 | D:1      | 853 ||| CASTING Summon Small Mammal
   854 | D:1      | 854 ||| CASTING Summon Small Mammal
   855 | D:1      | 855 ||| CASTING Summon Small Mammal
   916 | D:1      | 916 ||| CASTING Summon Small Mammal
   917 | D:1      | 917 ||| CASTING Summon Small Mammal
   918 | D:1      | 918 ||| CASTING Summon Small Mammal
   976 | D:1      | 976 ||| CASTING Summon Small Mammal
   977 | D:1      | 977 ||| CASTING Summon Small Mammal
   978 | D:1      | 978 ||| CASTING Summon Small Mammal
  1115 | D:1      | 1115 ||| UPGRADING to +0 leather armour.
  1125 | D:1      | 1125 ||| DROPPING +0 robe.
  1126 | D:1      | 1126 ||| READING scroll labelled CYNYGEE OHEBB.
  1127 | D:1      | 1127 ||| READING scroll labelled KIDAIC MECKE.
  1128 | D:1      | 1128 ||| READING scroll labelled KOEMYI XOTUHAMP.
  1129 | D:1      | 1129 ||| DRINKING 2 viscous orange potions.
  1130 | D:1      | 1130 ||| DROPPING potion of magic.
  1131 | D:1      | 1131 ||| DROPPING potion of lignification.
  1157 | D:2      | 1157 ||| CASTING Summon Small Mammal
  1158 | D:2      | 1158 ||| CASTING Summon Small Mammal
  1159 | D:2      | 1159 ||| CASTING Summon Small Mammal
  1161 | D:2      | Reached skill level 2 in Axes
  1161 | D:2      | Reached XP level 3. HP: 27/28 MP: 0/4
  1161 | D:2      | 1161 ||| STAIRDANCE
  1234 | D:2      | 1234 ||| CASTING Summon Small Mammal
  1235 | D:2      | 1235 ||| CASTING Summon Small Mammal
  1236 | D:2      | 1236 ||| CASTING Summon Small Mammal
  1269 | D:2      | 1269 ||| SWAPPING to +0 rapier.
  1270 | D:2      | 1270 ||| DROPPING +4 spear.
  1336 | D:2      | 1336 ||| CASTING Summon Small Mammal
  1337 | D:2      | 1337 ||| CASTING Summon Small Mammal
  1338 | D:2      | 1338 ||| CASTING Summon Small Mammal
  1339 | D:2      | 1339 ||| CASTING Summon Small Mammal
  1387 | D:2      | 1387 ||| CASTING Summon Small Mammal
  1388 | D:2      | 1388 ||| CASTING Summon Small Mammal
  1389 | D:2      | 1389 ||| CASTING Summon Small Mammal
  1390 | D:2      | 1390 ||| CASTING Summon Small Mammal
  1397 | D:2      | 1397 ||| CASTING Summon Small Mammal
  1517 | D:2      | 1517 ||| CASTING Summon Small Mammal
  1518 | D:2      | 1518 ||| CASTING Summon Small Mammal
  1519 | D:2      | 1519 ||| CASTING Summon Small Mammal
  1520 | D:2      | 1520 ||| CASTING Summon Small Mammal
  1583 | D:2      | 1583 ||| Stepping ~*~*~tactically~*~*~ (hiding).
  1592 | D:2      | 1592 ||| CASTING Summon Small Mammal
  1593 | D:2      | 1593 ||| CASTING Summon Small Mammal
  1594 | D:2      | 1594 ||| CASTING Summon Small Mammal
  1595 | D:2      | 1595 ||| CASTING Summon Small Mammal
  1677 | D:2      | 1677 ||| CASTING Summon Small Mammal
  1678 | D:2      | 1678 ||| CASTING Summon Small Mammal
  1679 | D:2      | 1679 ||| CASTING Summon Small Mammal
  1680 | D:2      | 1680 ||| CASTING Summon Small Mammal
  1688 | D:2      | 1688 ||| CASTING Summon Small Mammal
  1733 | D:2      | 1733 ||| CASTING Summon Small Mammal
  1734 | D:2      | 1734 ||| CASTING Summon Small Mammal
  1735 | D:2      | 1735 ||| CASTING Summon Small Mammal
  1736 | D:2      | 1736 ||| CASTING Summon Small Mammal
  1809 | D:2      | 1809 ||| CASTING Summon Small Mammal
  1810 | D:2      | 1810 ||| CASTING Summon Small Mammal
  1811 | D:2      | 1811 ||| CASTING Summon Small Mammal
  1812 | D:2      | 1812 ||| CASTING Summon Small Mammal
  1861 | D:2      | 1861 ||| CASTING Summon Small Mammal
  1862 | D:2      | 1862 ||| CASTING Summon Small Mammal
  1863 | D:2      | 1863 ||| CASTING Summon Small Mammal
  1864 | D:2      | 1864 ||| CASTING Summon Small Mammal
  1872 | D:2      | 1872 ||| CASTING Summon Small Mammal
  2172 | D:2      | 2172 ||| CASTING Summon Small Mammal
  2173 | D:2      | 2173 ||| CASTING Summon Small Mammal
  2174 | D:2      | 2174 ||| CASTING Summon Small Mammal
  2175 | D:2      | 2175 ||| CASTING Summon Small Mammal
  2306 | D:2      | 2306 ||| CASTING Summon Small Mammal
  2307 | D:2      | 2307 ||| CASTING Summon Small Mammal
  2308 | D:2      | 2308 ||| CASTING Summon Small Mammal
  2309 | D:2      | 2309 ||| CASTING Summon Small Mammal
  2317 | D:2      | 2317 ||| CASTING Summon Small Mammal
  2369 | D:2      | 2369 ||| CASTING Summon Small Mammal
  2370 | D:2      | 2370 ||| CASTING Summon Small Mammal
  2371 | D:2      | 2371 ||| CASTING Summon Small Mammal
  2372 | D:2      | 2372 ||| CASTING Summon Small Mammal
  2430 | D:2      | 2430 ||| SWAPPING to +0 flail.
  2431 | D:2      | 2431 ||| DROPPING +0 rapier.
  2461 | D:2      | 2461 ||| READING scroll labelled FEONWU UQEPO GEG.
  2466 | D:2      | 2466 ||| READING scroll labelled YTUQUXE ZEATSU.
  2467 | D:2      | 2467 ||| READING scroll labelled MUIDAB KEEN.
  2468 | D:2      | 2468 ||| DRINKING 2 fuming emerald potions.
  2469 | D:2      | 2469 ||| READING 2 scrolls of identify.
  2469 | D:2      | 2469 ||| IDENTIFYING smoky purple potion
  2470 | D:2      | 2470 ||| DROPPING potion of attraction.
  2507 | D:3      | 2507 ||| CASTING Summon Small Mammal
  2508 | D:3      | 2508 ||| CASTING Summon Small Mammal
  2509 | D:3      | 2509 ||| CASTING Summon Small Mammal
  2510 | D:3      | 2510 ||| STAIRDANCE
  2542 | D:3      | 2542 ||| CASTING Summon Small Mammal
  2543 | D:3      | 2543 ||| CASTING Summon Small Mammal
  2544 | D:3      | 2544 ||| CASTING Summon Small Mammal
  2545 | D:3      | 2545 ||| CASTING Summon Small Mammal
  2548 | D:3      | Reached XP level 4. HP: 27/36 MP: 0/5
  2548 | D:3      | 2548 ||| STAIRDANCE
  2628 | D:3      | Found an ancient bone altar of Kikubaaqudgha.
  2670 | D:3      | 2670 ||| CASTING Summon Small Mammal
  2671 | D:3      | 2671 ||| CASTING Summon Small Mammal
  2672 | D:3      | 2672 ||| CASTING Summon Small Mammal
  2673 | D:3      | 2673 ||| CASTING Summon Small Mammal
  2674 | D:3      | 2674 ||| CASTING Summon Small Mammal
  2732 | D:3      | 2732 ||| CASTING Summon Small Mammal
  2733 | D:3      | 2733 ||| CASTING Summon Small Mammal
  2734 | D:3      | 2734 ||| CASTING Summon Small Mammal
  2735 | D:3      | 2735 ||| CASTING Summon Small Mammal
  2736 | D:3      | 2736 ||| CASTING Summon Small Mammal
  2788 | D:3      | 2788 ||| CASTING Summon Small Mammal
  2789 | D:3      | 2789 ||| CASTING Summon Small Mammal
  2790 | D:3      | 2790 ||| CASTING Summon Small Mammal
  2791 | D:3      | 2791 ||| CASTING Summon Small Mammal
  2792 | D:3      | 2792 ||| CASTING Summon Small Mammal
  2881 | D:3      | Found Tiur Juu's Antique Armour Emporium.
  2885 | D:3      | 2885 ||| CASTING Summon Small Mammal
  2886 | D:3      | 2886 ||| CASTING Summon Small Mammal
  2887 | D:3      | 2887 ||| CASTING Summon Small Mammal
  2888 | D:3      | 2888 ||| CASTING Summon Small Mammal
  2889 | D:3      | 2889 ||| CASTING Summon Small Mammal
  2890 | D:3      | 2890 ||| Stepping ~*~*~tactically~*~*~ (outnumbered).
  2895 | D:3      | 2895 ||| CASTING Summon Small Mammal
  2904 | D:3      | 2904 ||| CASTING Summon Small Mammal
  2969 | D:3      | 2969 ||| BUYING dyed leather armour (130 gold).
  2969 | D:3      | Bought a dyed leather armour for 130 gold pieces
  2969 | D:3      | 2969 ||| SHOPLISTING fine leather armour (182 gold, have
                  | 14).
  2969 | D:3      | 2969 ||| SHOPLISTING runed robe (96 gold, have 14).
  2969 | D:3      | 2969 ||| SHOPLISTING scale mail (104 gold, have 14).
  2981 | D:3      | 2981 ||| READING scroll of enchant weapon.
  2981 | D:3      | 2981 ||| ENCHANTING +1 flail.
  3021 | D:3      | Found a bloodstained altar of Trog.
  3022 | D:3      | 3022 ||| CASTING Summon Small Mammal
  3023 | D:3      | 3023 ||| CASTING Summon Small Mammal
  3024 | D:3      | 3024 ||| CASTING Summon Small Mammal
  3025 | D:3      | 3025 ||| CASTING Summon Small Mammal
  3026 | D:3      | 3026 ||| CASTING Summon Small Mammal
  3033 | D:3      | 3033 ||| CASTING Summon Small Mammal
  3090 | D:3      | 3090 ||| SWAPPING to +0 hand axe.
  3097 | D:3      | 3097 ||| CASTING Summon Small Mammal
  3098 | D:3      | 3098 ||| CASTING Summon Small Mammal
  3099 | D:3      | 3099 ||| CASTING Summon Small Mammal
  3100 | D:3      | 3100 ||| CASTING Summon Small Mammal
  3165 | D:3      | 3165 ||| CASTING Summon Small Mammal
  3166 | D:3      | 3166 ||| CASTING Summon Small Mammal
  3167 | D:3      | 3167 ||| CASTING Summon Small Mammal
  3168 | D:3      | 3168 ||| CASTING Summon Small Mammal
  3169 | D:3      | 3169 ||| CASTING Summon Small Mammal
  3222 | D:3      | Noticed Jessica
  3224 | D:3      | 3224 ||| Stepping ~*~*~tactically~*~*~ (hiding).
  3225 | D:3      | 3225 ||| Stepping ~*~*~tactically~*~*~ (hiding).
  3226 | D:3      | 3226 ||| CASTING Summon Small Mammal
  3227 | D:3      | 3227 ||| CASTING Summon Small Mammal
  3228 | D:3      | 3228 ||| CASTING Summon Small Mammal
  3236 | D:3      | Killed Jessica
  3237 | D:3      | Reached skill level 3 in Axes
  3336 | D:3      | 3336 ||| CASTING Summon Small Mammal
  3337 | D:3      | 3337 ||| CASTING Summon Small Mammal
  3338 | D:3      | 3338 ||| CASTING Summon Small Mammal
  3339 | D:3      | 3339 ||| CASTING Summon Small Mammal
  3340 | D:3      | 3340 ||| CASTING Summon Small Mammal
  3395 | D:3      | 3395 ||| CASTING Summon Small Mammal
  3396 | D:3      | 3396 ||| CASTING Summon Small Mammal
  3397 | D:3      | 3397 ||| CASTING Summon Small Mammal
  3398 | D:3      | 3398 ||| CASTING Summon Small Mammal
  3399 | D:3      | 3399 ||| CASTING Summon Small Mammal
  3604 | D:3      | 3604 ||| UPGRADING to +0 ring mail.
  3614 | D:3      | 3614 ||| DROPPING +0 leather armour.
  3615 | D:3      | 3615 ||| READING scroll labelled UMOBOUNU ZAUF.
  3616 | D:3      | 3616 ||| READING scroll labelled ZUWAKO LODUZO.
  3617 | D:3      | 3617 ||| READING 2 scrolls of identify.
  3617 | D:3      | 3617 ||| IDENTIFYING metallic sapphire potion
  3639 | D:4      | 3639 ||| CASTING Summon Small Mammal
  3640 | D:4      | 3640 ||| CASTING Summon Small Mammal
  3641 | D:4      | 3641 ||| CASTING Summon Small Mammal
  3646 | D:4      | Reached XP level 5. HP: 40/41 MP: 2/6
  3646 | D:4      | 3646 ||| CASTING Summon Small Mammal
  3647 | D:4      | 3647 ||| CASTING Summon Small Mammal
  3650 | D:4      | 3650 ||| CASTING Summon Small Mammal
  3717 | D:4      | Found Bohebash's Weapon Shoppe.
  3724 | D:4      | 3724 ||| SHOPLISTING +0 morningstar (48 gold, have 46).
  3825 | D:4      | 3825 ||| CASTING Summon Small Mammal
  3826 | D:4      | 3826 ||| CASTING Summon Small Mammal
  3827 | D:4      | 3827 ||| CASTING Summon Small Mammal
  3828 | D:4      | 3828 ||| CASTING Summon Small Mammal
  3829 | D:4      | 3829 ||| CASTING Summon Small Mammal
  3830 | D:4      | 3830 ||| CASTING Summon Small Mammal
  3997 | D:4      | 3997 ||| CASTING Summon Small Mammal
  3998 | D:4      | 3998 ||| CASTING Summon Small Mammal
  3999 | D:4      | 3999 ||| CASTING Summon Small Mammal
  4000 | D:4      | 4000 ||| CASTING Summon Small Mammal
  4018 | D:4      | HP: 9/41 [scorpion (4)]
  4019 | D:4      | 4019 ||| READING scroll of teleportation.
  4019 | D:4      | HP: 3/41 [scorpion (6)]
  4320 | D:4      | 4320 ||| CASTING Summon Small Mammal
  4321 | D:4      | 4321 ||| CASTING Summon Small Mammal
  4322 | D:4      | 4322 ||| CASTING Summon Small Mammal
  4323 | D:4      | 4323 ||| CASTING Summon Small Mammal
  4324 | D:4      | 4324 ||| CASTING Summon Small Mammal
  4325 | D:4      | 4325 ||| CASTING Summon Small Mammal
  4408 | D:4      | 4408 ||| CASTING Summon Small Mammal
  4409 | D:4      | 4409 ||| CASTING Summon Small Mammal
  4410 | D:4      | 4410 ||| CASTING Summon Small Mammal
  4411 | D:4      | 4411 ||| CASTING Summon Small Mammal
  4412 | D:4      | 4412 ||| CASTING Summon Small Mammal
  4413 | D:4      | 4413 ||| CASTING Summon Small Mammal
  4485 | D:4      | Found a staircase to the Ecumenical Temple.
  4486 | D:4      | 4486 ||| PLANNING TEMPLE
  4486 | D:4      | 4486 ||| DROPPING +2 leather armour of cold resistance.
  4487 | D:4      | 4487 ||| UPGRADING to +0 plate armour.
  4489 | D:4      | 4489 ||| Stepping ~*~*~tactically~*~*~ (stealth).
  4490 | D:4      | 4490 ||| UPGRADING to +0 plate armour.
  4500 | D:4      | 4500 ||| DROPPING +0 ring mail.
  4501 | D:4      | 4501 ||| READING scroll of enchant armour.
  4501 | D:4      | 4501 ||| ENCHANTING +0 plate armour.
  4502 | D:4      | 4502 ||| READING scroll labelled UTTEOB NAIH.
  4503 | D:4      | 4503 ||| DRINKING 4 glowing white potions.
  4504 | D:4      | 4504 ||| DRINKING 2 black potions.
  4531 | D:4      | 4531 ||| Stepping ~*~*~tactically~*~*~ (stealth).
  4532 | D:4      | 4532 ||| DROPPING 3 potions of brilliance.
  4533 | D:4      | 4533 ||| DROPPING potion of ambrosia.
  4536 | D:4      | 4536 ||| Stepping ~*~*~tactically~*~*~ (stealth).
  4549 | Temple   | Entered the Ecumenical Temple
  4709 | Temple   | Became a worshipper of Warmaster Okawaru
  4833 | Temple   | 4833 ||| PLANNING D:1-11
  5033 | D:4      | HP: 9/41 [scorpion (2)]
  5352 | D:4      | 5352 ||| UPGRADING to +0 pair of gloves.
  5357 | D:4      | 5357 ||| READING 2 scrolls of identify.
  5357 | D:4      | 5357 ||| IDENTIFYING fizzy cyan potion
  5397 | D:5      | Entered Level 5 of the Dungeon
  5398 | D:5      | 5398 ||| PLANNING SEWER
  5429 | D:5      | Reached XP level 6. HP: 44/48 MP: 7/7
  5434 | D:5      | Reached skill level 4 in Axes
  5434 | D:5      | 5434 ||| FLEEEEING.
  5554 | D:5      | 5554 ||| Stepping ~*~*~tactically~*~*~ (stealth).
  5556 | D:5      | 5556 ||| Stepping ~*~*~tactically~*~*~ (hiding).
  5557 | D:5      | 5557 ||| Stepping ~*~*~tactically~*~*~ (hiding).
  5573 | D:5      | 5573 ||| FLEEEEING.
  5575 | D:5      | 5575 ||| FLEEEEING.
  5576 | D:5      | 5576 ||| FLEEEEING.
  5577 | D:5      | 5577 ||| FLEEEEING.
  5578 | D:5      | 5578 ||| FLEEEEING.
  5579 | D:5      | 5579 ||| FLEEEEING.
  5580 | D:5      | 5580 ||| FLEEEEING.
  5581 | D:5      | 5581 ||| FLEEEEING.
  5582 | D:5      | 5582 ||| FLEEEEING.
  5583 | D:5      | 5583 ||| FLEEEEING.
  5584 | D:5      | 5584 ||| FLEEEEING.
  5585 | D:5      | 5585 ||| FLEEEEING.
  5586 | D:5      | 5586 ||| FLEEEEING.
  5587 | D:5      | 5587 ||| FLEEEEING.
  5588 | D:5      | 5588 ||| FLEEEEING.
  5589 | D:5      | 5589 ||| FLEEEEING.
  5590 | D:5      | 5590 ||| FLEEEEING.
  5591 | D:5      | 5591 ||| STAIRDANCE
  5721 | D:5      | Reached skill level 3 in Fighting
  5721 | D:5      | 5721 ||| STAIRDANCE
  6001 | D:5      | 6001 ||| RIP SEWER
  6009 | D:5      | 6009 ||| PLANNING D:1-11
  6034 | D:5      | 6034 ||| READING scroll of enchant armour.
  6034 | D:5      | 6034 ||| ENCHANTING +0 pair of gloves.
  6043 | D:5      | Found a snail-covered altar of Cheibriados.
  6257 | D:5      | Reached skill level 1 in Throwing
  6436 | D:5      | Reached XP level 7. HP: 58/58 MP: 8/8
  6490 | D:5      | Reached * piety under Okawaru
  6733 | D:5      | 6733 ||| DROPPING ring of flight.
  6734 | D:5      | 6734 ||| UPGRADING to ring of willpower.
  6735 | D:5      | 6735 ||| READING scroll labelled QADDEVO WOIHEK.
  6736 | D:5      | 6736 ||| READING 2 scrolls of identify.
  6736 | D:5      | 6736 ||| IDENTIFYING yellow potion
  6737 | D:5      | 6737 ||| DROPPING potion of flight.
  6797 | D:6      | 6797 ||| Stepping ~*~*~tactically~*~*~ (stealth).
  6798 | D:6      | 6798 ||| Stepping ~*~*~tactically~*~*~ (stealth).
  6800 | D:6      | 6800 ||| INVOKING Heroism.
  6801 | D:6      | 6801 ||| INVOKING Heroism.
  6869 | D:6      | Found Dekhihip's General Store.
  6876 | D:6      | 6876 ||| BUYING potion of magic (96 gold).
  6876 | D:6      | Bought a potion of magic for 96 gold pieces
  6876 | D:6      | 6876 ||| SHOPLISTING ring of see invisible (180 gold, have
                  | 31).
  6897 | D:6      | Found Ewuiqays's Jewellery Boutique.
  6898 | D:6      | 6898 ||| SWAPPING to +0 war axe.
  6899 | D:6      | 6899 ||| DROPPING +0 spectral hand axe.
  6913 | D:6      | 6913 ||| INVOKING Heroism.
  6915 | D:6      | Reached skill level 5 in Axes
  6915 | D:6      | Reached skill level 1 in Invocations
  6934 | D:6      | 6934 ||| INVOKING Heroism.
  6948 | D:6      | 6948 ||| INVOKING Heroism.
  6949 | D:6      | 6949 ||| INVOKING Heroism.
  6951 | D:6      | HP: 13/58 [black bear (2)]
  6956 | D:6      | HP: 3/58 [black bear (4)]
  6957 | D:6      | Slain by a black bear

Levels and vault maps discovered:
D:1:      minmay_arrival_stone_box, layout_rooms,
          shapermc_ecumenical_altar_petra, chequers_jeans
D:2:      layout_loops_ring, moated_statue, serial_bayou_ford_a,
          nicolae_underground_beach
D:3:      layout_rooms, kiku_gazebo_garden_becter, trog_butcher_becter,
          serial_shops, shop, uniq_jessica
D:4:      layout_basic, minmay_temple_entry_gardened_gates, serial_shops,
          nicolae_shop_trees
D:5:      layout_gridville, lemuel_coloured_pillars_altar,
          lightli_sewer_entry_pipes
D:6:      layout_basic, mainiacjoe_overflow_24_doors,
          nicolae_yredelemnul_corpse_copse, serial_shops,
          nicolae_take_the_stairs, nicolae_shop_behind_doors, shop,
          nicolae_lakefront_shop, minmay_fractal_squares_5, uniq_pikel
Temple:   oiseaux_autumnal_temple

Skill      XL: |  1  2  3  4  5  6  7 |
---------------+----------------------+-----
Axes           | 1 2 3 4 5 |  5.0
Fighting       | 1 2 3 |  3.8
Armour         | 2 |  2.1
Throwing       | 1 |  1.1
Invocations    | 1 |  1.2
Dodging        | |  1.7
Stealth        | |  2.1
Spellcasting   | |  1.7
Summonings     | |  3.6

Action                   |  1- 3 |  4- 6 |  7- 9 || total
-------------------------+-------+-------+-------++-------
Melee: Spear             |    37 |       |       ||    37
       Club              |     9 |       |       ||     9
       Rapier            |    32 |       |       ||    32
       Flail             |     2 |    18 |       ||    20
       Hand axe          |       |   150 |    27 ||   177
       Punch             |       |     1 |     1 ||     2
       War axe           |       |       |    19 ||    19
Throw: Javelin           |       |     3 |     3 ||     6
 Cast: Summon Small Mamm |    90 |    69 |       ||   159
Invok: Heroism           |       |       |     4 ||     4
  Use: Scroll            |     7 |     9 |     2 ||    18
       Potion            |     2 |     2 |       ||     4
Armor: Robe              |     6 |       |       ||     6
       Leather armour    |    14 |    20 |       ||    34
       Ring mail         |       |     9 |       ||     9
       Plate armour      |       |    24 |    62 ||    86
Dodge: Dodged            |    52 |    83 |    17 ||   152

Table legend:
 A = Non-vault XP
 B = Vault XP
 C = Vault XP percentage of total XP
 D = Non-vault monster count
 E = Vault monster count
 F = Vault count percentage of total count
                 A         B        C        D         E       F
            +---------+---------+-------+---------+---------+-------
      Total |     679 |     145 |  17.6 |      81 |      11 |  12.0
            +---------+---------+-------+---------+---------+-------
        D:1 |      32 |       0 |   0.0 |      19 |       0 |   0.0
        D:2 |      42 |       0 |   0.0 |      14 |       0 |   0.0
        D:3 |      41 |      45 |  52.3 |      11 |       5 |  31.2
        D:4 |     154 |       0 |   0.0 |      15 |       0 |   0.0
        D:5 |     300 |      54 |  15.3 |      15 |       5 |  25.0
        D:6 |     110 |      46 |  29.5 |       7 |       1 |  12.5
            +---------+---------+-------+---------+---------+-------
